 Dungeon Crawl Stone Soup version 0.27-a0-909-g0721f309d1 (webtiles) character file.

Game seed: 17952444314284626682

137 jestyr24 the Skirmisher (level 5, -1/47 HPs)
             Began as a Minotaur Fighter on Apr 8, 2021.
             Was a Priest of Makhleb.
             Succumbed to Sigmund's poison
             ... on level 3 of the Dungeon.
             The game lasted 00:06:39 (1514 turns).

jestyr24 the Skirmisher (Minotaur Fighter)          Turns: 1514, Time: 00:06:40

Health: -1/47      AC: 14    Str: 22    XL:     5   Next: 0%
Magic:  4/4        EV:  7    Int:  5    God:    Makhleb [***...]
Gold:   107        SH:  9    Dex:  9    Spells: 4/4 levels left

rFire    . . .     SeeInvis .   a - +0 flail
rCold    . . .     Faith    .   c - +0 kite shield
rNeg     . . .     Spirit   .   b - +0 scale mail
rPois    .         Reflect  .   (helmet restricted)
rElec    .         Harm     .   g - +2 cloak
rCorr    .         Rampage  .   (no gloves)
Will     +....                  (no boots)
Stlth    ..........             l - amulet of regeneration
HPRegen  1.15/turn              e - +4 ring of protection
MPRegen  0.09/turn              k - ring of willpower

@: lethally poisoned (-1 -> -24)
A: horns 2, retaliatory headbutt
a: Renounce Religion, Minor Destruction, Lesser Servant of Makhleb


You were on level 3 of the Dungeon.
You worshipped Makhleb.
Makhleb was most pleased with you.
You visited 1 branch of the dungeon, and saw 3 of its levels.

You collected 107 gold pieces.

Inventory:

Hand Weapons
 a - a +0 flail (weapon)
Missiles
 m - 26 stones (quivered)
Armour
 b - a +0 scale mail (worn)
 c - a +0 kite shield (worn)
 g - a +2 cloak (worn)
Jewellery
 e - a +4 ring of protection (left hand)
 k - a ring of willpower (right hand)
 l - an amulet of regeneration (around neck)
Scrolls
 f - 2 scrolls of identify {unknown}
 h - 2 scrolls of teleportation {unknown}
 i - 2 scrolls of enchant weapon {unknown}
Potions
 d - a potion of might
 j - a potion of cancellation {unknown}
 n - a potion of resistance {unknown}


   Skills:
 + Level 4.7 Fighting
 + Level 3.7 Maces & Flails
 + Level 4.5 Armour
 + Level 0.1 Dodging
 - Level 0.1 Stealth
 + Level 4.6 Shields


You had 4 spell levels left.
You didn't know any spells.
Your spell library was empty.

Dungeon Overview and Level Annotations

Branches:
Dungeon (3/15)

Altars:
Makhleb

Shops:
D:1 [

Annotations:
D:3 Sigmund


Innate Abilities, Weirdness & Mutations

You have a pair of horns on your head.
You reflexively headbutt those who attack you in melee.


Message History

You can now summon a lesser servant of Makhleb.
You see here a +0 spear.
n - a viscous golden potion You now have 107 gold pieces (gained 8).
An adder comes into view.
The adder hisses angrily.
An adder is nearby!
Sigmund the Dreaded comes into view.
He is wielding a +2 scythe of venom.
Sigmund casts a spell at himself.
Sigmund flickers and vanishes!
Deactivating autopickup; reactivate with Ctrl-A.
You sock the adder!
You kill the adder!
Makhleb accepts your kill.
You have reached level 5!
Okay, then.
Something hits you. Something hits you!
You are poisoned.
You miss something. Your headbutt misses something.
You feel extremely sick. You block something's attack.
Your shield and scale mail prevent you from hitting something.
Your headbutt misses something.
You feel very sick. Something hits you.
You are more poisoned.
You block something's attack.
You hit something.
You feel very sick. Something hits you but does no damage.
You miss something. You headbutt something.
You feel very sick. Something hits you but does no damage.
You are more poisoned.
Something hits you.
* * * LOW HITPOINT WARNING * * *
You are more poisoned.
You miss something.
You die...

... ... .... .....
#..... ###......
##@.......
##.........
####..........
##......#......
#####.....###......
####.....#.###
.#.... #
#....####..###
.....
###............. .
.##
....####.....#....
.


There were no monsters in sight!

Vanquished Creatures
  Robin (D:2)
  3 gnolls
  3 adders
  2 dart slugs
  5 ball pythons
  6 endoplasms (D:1)
  3 giant cockroaches
  13 goblins
  A jackal (D:2)
  A quokka (D:2)
  5 bats
  4 frilled lizards
  6 kobolds
  16 rats
69 creatures vanquished.

Notes
Turn   | Place    | Note
-------+----------+-------------------------------------------
     0 | D:1      | jestyr24 the Minotaur Fighter began the quest for the Orb.
     0 | D:1      | Reached XP level 1. HP: 19/19 MP: 0/0
    56 | D:1      | Found a faded altar of an unknown god.
    78 | D:1      | Became a worshipper of Makhleb the Destroyer
    78 | D:1      | Reached * piety under Makhleb
   189 | D:1      | Reached XP level 2. HP: 27/27 MP: 1/1
   473 | D:1      | Found Fiqinurr's Armour Emporium.
   627 | D:1      | Reached ** piety under Makhleb
   714 | D:2      | Reached XP level 3. HP: 33/33 MP: 2/2
   884 | D:2      | Noticed Robin
   912 | D:2      | Killed Robin
  1171 | D:2      | Reached XP level 4. HP: 41/41 MP: 3/3
  1437 | D:3      | Reached *** piety under Makhleb
  1501 | D:3      | Noticed Sigmund
  1504 | D:3      | Reached XP level 5. HP: 47/47 MP: 4/4
  1514 | D:3      | Succumbed to Sigmund's poison

Illustrated notes

Levels and vault maps discovered:
D:1:      minmay_arrival_glassed_features, layout_loops_ring, serial_shops,
          shop, shapermc_ecumenical_altar_starsandcircs, minmay_rat_gold_closets
D:2:      minmay_alternating_diamond, layout_rooms, uniq_robin
D:3:      layout_rooms, marbit_many_paths, minmay_overflow_temple_star_hex,
          minivault_19, grunt_ministairs_15, uniq_sigmund

Skill      XL: |  1  2  3 |
---------------+----------+-----
Shields        | 4 |  4.6
Maces & Flails | 3 |  3.7
Fighting       | 4 |  4.7
Armour         | 4 |  4.5
Dodging        | |  0.1
Stealth        | |  0.1

Action                   |  1- 3 |  4- 6 || total
-------------------------+-------+-------++-------
Melee: Flail             |    95 |    49 ||   144
       Headbutt          |    12 |     2 ||    14
Throw: Stone             |       |    11 ||    11
Armor: Scale mail        |    72 |    27 ||    99
Dodge: Dodged            |    31 |    17 ||    48
Block: Kite shield       |    56 |    33 ||    89

Table legend: (Time is in decaauts)
 A = Elapsed time spent in this place.
 B = Non-inter-level travel time spent in this place.
 C = Inter-level travel time spent in this place.
 D = Time resting spent in this place.
 E = Time spent auto-exploring this place.
 F = Levels seen in this place.
 G = Mean time per level.
                   A        B        C        D        E       F      G
               +--------+--------+--------+--------+--------+-----+--------+
         Total |   1583 |   1535 |     48 |      9 |   1021 |   3 |  527.7 |
       Dungeon |   1583 |   1535 |     48 |      9 |   1021 |   3 |  527.7 |
               +--------+--------+--------+--------+--------+-----+--------+

Top non-repeatable levels by time:
     D:1: 731 daAuts
     D:2: 687 daAuts
     D:3: 165 daAuts
